AoeStats
← hightower_208

Arena

508405082Analyzed
2v2 RM · 9d ago on Sep 22, 2026· 39m 36s· 4 players
Game mode
Random Map
Map size
Medium (4 player)
Population
200
Speed
Normal
Resources
Standard
Victory
Conquest
Starting age
Dark Age
Ending age
Imperial Age
RankedLock teamsTeams togetherTeam positionsShared explorationLock speedFull tech treeHidden civsTurbo modeCheats
Victory
Defeat
🇮🇹 Inca · Italy
1879
+9
🇮🇹 Mapuche · Italy
1850
+11
🇩🇪 Hindustanis · Germany
1745
-11
🇩🇪 Britons · Germany
1709
-9
hightower_208
9:59 Feudal Age
13:46 Castle Age
12:43 Double-Bit Axe
16:31 Horse Collar
20:59 Wheelbarrow
21:08 Bow Saw
21:08 Loom
22:58 Heavy Plow
24:38 Hand Cart
27:57 Imperial Age
26:20 Padded Archer Armor
26:38 Stone Mining
26:42 Gold Mining
27:40 Scale Barding Armor
28:49 Chain Barding Armor
29:58 Chemistry
28:47 Light Cavalry
29:39 Bloodlines
29:56 Leather Archer Armor
30:17 Plate Barding Armor
33:41 Ring Archer Armor
33:22 Forging
36:31 Husbandry
Mjoelnir
9:35 Feudal Age
13:27 Castle Age
12:16 Double-Bit Axe
12:54 Horse Collar
21:00 Wheelbarrow
20:51 Fletching
22:31 Bow Saw
22:48 Gold Mining
27:37 Imperial Age
24:55 Loom
25:22 Bodkin Arrow
25:47 Stone Mining
26:45 Padded Archer Armor
29:05 Bracer
32:30 Warwolf
33:46 Two-Man Saw
33:04 Leather Archer Armor
33:17 Conscription
34:49 Chemistry
35:09 Elite Longbowman
38:01 Coinage
39:25 Ballistics
38:57 Onager
40:29 Ring Archer Armor
ITA | Killer_Storm_
10:12 Feudal Age
14:01 Castle Age
12:09 Double-Bit Axe
12:32 Horse Collar
15:22 Bow Saw
18:54 Wheelbarrow
19:14 Town Watch
19:15 Loom
21:22 Hand Cart
21:52 Fletching
23:39 Bodkin Arrow
23:45 Padded Archer Armor
23:32 Elite Skirmisher
25:08 Ballistics
25:57 Leather Archer Armor
29:01 Imperial Age
29:17 Scale Mail Armor
29:50 Bracer
30:41 Masonry
32:21 Chemistry
34:04 Heavy Plow
33:55 Gold Mining
33:36 Champi Runner
34:54 Champi Warrior
35:35 Squires
35:56 Chain Mail Armor
35:51 Forging
36:14 Ring Archer Armor
36:00 Chain Mail Armor
35:55 Forging
35:59 Elite Champi Warrior
38:57 Plate Mail Armor
39:47 Iron Casting
ITA | Brain-rot
10:33 Feudal Age
14:25 Castle Age
12:12 Horse Collar
12:18 Double-Bit Axe
12:25 Double-Bit Axe
13:26 Gold Mining
15:24 Bow Saw
16:41 Champi Runner
19:54 Loom
21:26 Wheelbarrow
22:18 Stone Mining
28:25 Imperial Age
26:14 Scale Mail Armor
26:41 Town Watch
26:31 Champi Warrior
28:15 Devotion
28:34 Chain Mail Armor
28:51 Forging
29:24 Elite Champi Warrior
31:28 Plate Mail Armor
32:54 Fletching
32:47 Elite Skirmisher
34:05 Bodkin Arrow
34:39 Ballistics
35:00 Padded Archer Armor
36:51 Chemistry
37:37 Conscription
38:38 Leather Archer Armor
Connection lost

Rejoining the realm…

Still unreachable

The connection could not be restored.

Session expired

The server has moved on; the page needs a fresh start.